[Event "DVM U10 2024"]
[Site "Duesseldorf"]
[Date "2024.12.28"]
[Round "5"]
[White "Dintinger, Ata Lucien"]
[Black "Luible, Sebastian"]
[Result "1-0"]
[ECO "C25"]
[WhiteElo "1511"]
[BlackElo "1104"]
[Annotator "NA RC"]
[PlyCount "49"]
[EventDate "2024.12.23"]
[EventType "team-tourn"]
[EventRounds "7"]
[EventCountry "GER"]
[SourceTitle "playchess.com"]
[Source "ChessBase"]
[SourceQuality "1"]
[TimeControl "3300+5"]

1. e4 e5 2. Nc3 Bb4 3. f4 d6 4. Nf3 Nf6 5. Bc4 Bg4 6. d3 O-O 7. h3 Bxf3 8. gxf3 Nh5 9. h4 Nd7 10. Be3 exf4 11. Bd4 c5 12. Bxg7 Nxg7 13. Qd2 Nf6 14. O-O-O Nfh5 15. Rdg1 Ng3 16. Rh3 Qa5 17. Qxf4 Bxc3 18. Rhxg3 Bxb2+ 19. Kxb2 Qb4+ 20. Bb3 Qd4+ 21. c3 Qxd3 22. Rxg7+ Kh8 23. Rxh7+ Kxh7 24. Qf5+ Kh8 25. Qh5# 1-0

[Event "DVM U10 2024"]
[Site "Duesseldorf"]
[Date "2024.12.28"]
[Round "5"]
[White "Breaz, Albert"]
[Black "Zielke, Mika"]
[Result "1-0"]
[ECO "C50"]
[WhiteElo "1494"]
[BlackElo "1623"]
[Annotator "NA RC"]
[PlyCount "163"]
[EventDate "2024.12.23"]
[EventType "team-tourn"]
[EventRounds "7"]
[EventCountry "GER"]
[SourceTitle "playchess.com"]
[Source "ChessBase"]
[SourceQuality "1"]
[TimeControl "3300+5"]

1. e4 e5 2. Nf3 Nc6 3. Bc4 Nf6 4. d3 Bc5 5. O-O d6 6. Nc3 Bg4 7. h3 Bh5 8. Bg5 Nd4 9. g4 Bg6 10. Nd5 h6 11. Bh4 Bh7 12. Nxf6+ gxf6 13. Nxd4 Bxd4 14. Qf3 Qd7 15. Qxf6 Rg8 16. Kh2 Bg6 17. c3 Bb6 18. d4 exd4 19. cxd4 c6 20. d5 Bd8 21. dxc6 bxc6 22. Qf4 Bxh4 23. Rad1 Bg5 24. Qf3 Qe7 25. e5 d5 26. Bb3 Qxe5+ 27. Kg1 Be4 28. Qe2 Bf4 29. f3 Bh7 30. Qxe5+ Bxe5 31. Rfe1 f6 32. f4 Be4 33. fxe5 fxe5 34. Rxe4 dxe4 35. Bxg8 Ke7 36. Bh7 Rb8 37. Bxe4 Rxb2 38. Bxc6 Rxa2 39. Rd7+ Kf6 40. Rd6+ Kg5 41. Re6 Re2 42. Kf1 Re3 43. Kf2 Rxh3 44. Rxe5+ Kf6 45. Rf5+ Kg7 46. Bf3 Rh2+ 47. Bg2 h5 48. Kg3 Rxg2+ 49. Kxg2 hxg4 50. Rg5+ Kf6 51. Rxg4 Ke5 52. Ra4 Kd5 53. Rxa7 Ke4 54. Ra5 Kd4 55. Ra3 Ke4 56. Kf2 Kd4 57. Ke2 Kc4 58. Kd2 Kd4 59. Ra4+ Kd5 60. Kc3 Ke5 61. Kd3 Kf5 62. Ke3 Kg5 63. Kf3 Kf5 64. Ra5+ Ke6 65. Kf4 Kd6 66. Ke4 Kc6 67. Kd4 Kd6 68. Ra6+ Ke7 69. Kd5 Kf7 70. Ke5 Kg7 71. Kf5 Kh7 72. Kg5 Kg7 73. Ra7+ Kf8 74. Kg6 Ke8 75. Kf6 Kd8 76. Ke6 Kc8 77. Kd6 Kb8 78. Rh7 Kc8 79. Rg7 Kb8 80. Kc6 Ka8 81. Kb6 Kb8 82. Rg8# 1-0

[Event "DVM U10 2024"]
[Site "Duesseldorf"]
[Date "2024.12.28"]
[Round "5"]
[White "Yuksel, Arda Eren"]
[Black "Wüstenberg, Jan"]
[Result "0-1"]
[ECO "A34"]
[WhiteElo "1488"]
[BlackElo "1221"]
[Annotator "NA RC"]
[PlyCount "80"]
[EventDate "2024.12.23"]
[EventType "team-tourn"]
[EventRounds "7"]
[EventCountry "GER"]
[SourceTitle "playchess.com"]
[Source "ChessBase"]
[SourceQuality "1"]
[TimeControl "3300+5"]

1. e4 c5 2. c4 d6 3. d3 Nf6 4. Nc3 a6 5. a4 Nbd7 6. f4 e6 7. Nf3 e5 8. f5 Be7 9. Be2 b6 10. O-O Bb7 11. b3 Nh5 12. Nxe5 Nf4 13. Bxf4 Nxe5 14. Bxe5 dxe5 15. Bh5 Qd4+ 16. Kh1 Qxc3 17. Rc1 Qd4 18. Qf3 Qd8 19. g3 Bg5 20. Rc2 Qd7 21. Bg4 Qd6 22. Bh5 Rd8 23. Rd1 Qd7 24. Rf2 Bf6 25. h4 b5 26. axb5 axb5 27. Rff1 bxc4 28. dxc4 Qc8 29. Rxd8+ Qxd8 30. Rd1 Qa8 31. Re1 Ke7 32. g4 Bxh4 33. Re2 g6 34. fxg6 hxg6 35. g5 Rxh5 36. Qf6+ Kf8 37. Rd2 Bxg5+ 38. Kg2 Bxf6 39. Rf2 Bg7 40. Kg3 Qa3 0-1

[Event "DVM U10 2024"]
[Site "Duesseldorf"]
[Date "2024.12.28"]
[Round "5"]
[White "Gheng, Hannes Lucas"]
[Black "Essers, Mathilda Marie"]
[Result "1-0"]
[ECO "B22"]
[WhiteElo "1482"]
[BlackElo "1435"]
[Annotator "NA RC"]
[PlyCount "117"]
[EventDate "2024.12.23"]
[EventType "team-tourn"]
[EventRounds "7"]
[EventCountry "GER"]
[SourceTitle "playchess.com"]
[Source "ChessBase"]
[SourceQuality "1"]
[TimeControl "3300+5"]

1. e4 c5 2. d4 cxd4 3. c3 Nf6 4. e5 Nd5 5. cxd4 e6 6. Nf3 b6 7. Bd3 Be7 8. Bd2 O-O 9. O-O Bb7 10. Nc3 Nxc3 11. Bxc3 Nc6 12. Qc2 g6 13. Qd2 Kh8 14. Qh6 Rg8 15. h4 Bf8 16. Qf4 Bg7 17. Ng5 Rf8 18. Nxf7+ Rxf7 19. Qxf7 Qxh4 20. Qxd7 Rb8 21. Qxe6 Nxd4 22. Bxd4 Qxd4 23. Qh3 Qxe5 24. Bxg6 Kg8 25. Qxh7+ Kf8 26. Qh3 Qxb2 27. Qf5+ Qf6 28. Qxf6+ Bxf6 29. Bh5 Bxa1 30. Rxa1 b5 31. Rb1 a6 32. a4 bxa4 33. Bf3 a3 34. Bd5 Ke7 35. Ba2 Kd8 36. g4 Kc7 37. g5 Be4 38. Rxb8 Kxb8 39. f3 Bg6 40. Kg2 Kc7 41. Kg3 Kd6 42. Kg4 Ke5 43. f4+ Ke4 44. Bb1+ Ke3 45. f5 Bxf5+ 46. Kxf5 Kd2 47. g6 Kc1 48. Ba2 Kb2 49. Be6 a5 50. g7 a4 51. g8=Q Ka1 52. Qg2 Kb1 53. Qa2+ Kc1 54. Qxa3+ Kd1 55. Qxa4+ Kd2 56. Ke4 Ke2 57. Qc2+ Kf1 58. Kf3 Ke1 59. Qe2# 1-0

[Event "DVM U10 2024"]
[Site "Duesseldorf"]
[Date "2024.12.28"]
[Round "5"]
[White "Huang, Flora Yueya"]
[Black "Vlad, Mark"]
[Result "1-0"]
[ECO "A52"]
[WhiteElo "1481"]
[BlackElo "1439"]
[Annotator "NA RC"]
[PlyCount "73"]
[EventDate "2024.12.23"]
[EventType "team-tourn"]
[EventRounds "7"]
[EventCountry "GER"]
[SourceTitle "playchess.com"]
[Source "ChessBase"]
[SourceQuality "1"]
[TimeControl "3300+5"]

1. d4 Nf6 2. c4 e5 3. dxe5 Ng4 4. Nf3 Nc6 5. Bf4 Qe7 6. Nc3 Ngxe5 7. Nxe5 Nxe5 8. e3 Ng6 9. Nd5 Qc5 10. Nxc7+ Kd8 11. Nxa8 Qa5+ 12. Ke2 Nxf4+ 13. exf4 Qh5+ 14. f3 Bc5 15. Qd5 Re8+ 16. Kd1 Qxd5+ 17. cxd5 Bb4 18. Bd3 d6 19. a3 Ba5 20. b4 Bc7 21. Nxc7 Kxc7 22. Re1 Rd8 23. Re7+ Kb6 24. Rxf7 Bd7 25. Rxg7 Ba4+ 26. Kd2 Rf8 27. f5 a5 28. g4 Re8 29. f6 Bb3 30. f7 Rf8 31. Bxh7 Bxd5 32. Bg8 Kc7 33. h4 Kd7 34. h5 Ke7 35. Re1+ Kf6 36. h6 Bc6 37. g5+ 1-0

[Event "DVM U10 2024"]
[Site "Duesseldorf"]
[Date "2024.12.28"]
[Round "5"]
[White "Graf, Tom"]
[Black "Brucker, Oscar"]
[Result "1-0"]
[ECO "C50"]
[WhiteElo "1456"]
[BlackElo "1291"]
[Annotator "NA RC"]
[PlyCount "133"]
[EventDate "2024.12.23"]
[EventType "team-tourn"]
[EventRounds "7"]
[EventCountry "GER"]
[SourceTitle "playchess.com"]
[Source "ChessBase"]
[SourceQuality "1"]
[TimeControl "3300+5"]

1. e4 e5 2. Nf3 Nc6 3. Bc4 Bc5 4. Nc3 Nf6 5. O-O d6 6. h3 O-O 7. d3 h6 8. Be3 Bxe3 9. fxe3 Re8 10. Re1 Be6 11. Bxe6 Rxe6 12. Rf1 d5 13. Nd2 d4 14. exd4 Qxd4+ 15. Kh1 a6 16. Nf3 Qb6 17. Nd5 Qa5 18. Nxf6+ Rxf6 19. Nh4 Re6 20. Rf2 f6 21. Nf5 Ne7 22. Nxe7+ Rxe7 23. Qg4 Qb6 24. Raf1 Rf8 25. Rf5 Kh7 26. b3 Qe6 27. Qg3 b5 28. R5f2 c5 29. Qf3 Rc8 30. Qf5+ Qxf5 31. Rxf5 c4 32. R5f2 Rec7 33. Rd2 cxb3 34. cxb3 Rc2 35. Rff2 Rxd2 36. Rxd2 Kg6 37. Kh2 Kg5 38. Kg3 Rd8 39. h4+ Kg6 40. Kh3 f5 41. exf5+ Kxf5 42. Kg3 Rd4 43. Rf2+ Ke6 44. Rd2 e4 45. Kf4 Rxd3 46. Re2 e3 47. Rxe3+ Rxe3 48. Kxe3 Kf5 49. Kf3 b4 50. g4+ Ke5 51. Ke3 a5 52. h5 Kf6 53. Kf4 g6 54. hxg6 Kxg6 55. Kf3 Kf6 56. Kf4 Ke6 57. Ke4 Ke7 58. Kd5 Kd7 59. Kc5 Kc7 60. Kb5 Kd6 61. Kxa5 Kc5 62. Ka4 Kd4 63. Kxb4 Ke4 64. a4 Kd5 65. Kb5 Ke4 66. a5 Kf4 67. a6 1-0

[Event "DVM U10 2024"]
[Site "Duesseldorf"]
[Date "2024.12.28"]
[Round "5"]
[White "Aslanov, Kamran"]
[Black "Fredrich, Tarje"]
[Result "1-0"]
[ECO "C50"]
[WhiteElo "1451"]
[BlackElo "1056"]
[Annotator "NA RC"]
[PlyCount "75"]
[EventDate "2024.12.23"]
[EventType "team-tourn"]
[EventRounds "7"]
[EventCountry "GER"]
[SourceTitle "playchess.com"]
[Source "ChessBase"]
[SourceQuality "1"]
[TimeControl "3300+5"]

1. e4 e5 2. Nf3 Nc6 3. Bc4 Bc5 4. Nc3 Nf6 5. d3 h6 6. O-O d6 7. h3 Be6 8. Bb3 O-O 9. Be3 Nd4 10. Bxd4 exd4 11. Ne2 d5 12. e5 Nd7 13. Re1 f6 14. Nexd4 Qe7 15. exf6 Nxf6 16. Rxe6 Qd7 17. Qe1 a5 18. a4 Rad8 19. Qxa5 Bxd4 20. Nxd4 b6 21. Qe1 c5 22. Nc6 Rde8 23. Ne7+ Kh8 24. Ng6+ Kg8 25. Nxf8 Rxf8 26. Qe5 Rd8 27. c4 Qf7 28. cxd5 Rc8 29. d6 Nd7 30. Re8+ Rxe8 31. Qxe8+ Nf8 32. Qxf7+ Kh7 33. Qxf8 c4 34. dxc4 b5 35. Bc2+ g6 36. Qf7+ Kh8 37. Qxg6 b4 38. Qh7# 1-0

[Event "DVM U10 2024"]
[Site "Duesseldorf"]
[Date "2024.12.28"]
[Round "5"]
[White "Wittenberger, Henri"]
[Black "Sriram, Yashasri"]
[Result "1/2-1/2"]
[ECO "C01"]
[WhiteElo "1421"]
[BlackElo "1520"]
[Annotator "NA RC"]
[PlyCount "136"]
[EventDate "2024.12.23"]
[EventType "team-tourn"]
[EventRounds "7"]
[EventCountry "GER"]
[SourceTitle "playchess.com"]
[Source "ChessBase"]
[SourceQuality "1"]
[TimeControl "3300+5"]

1. e4 e6 2. d4 d5 3. exd5 exd5 4. Nf3 Bd6 5. Bd3 Nf6 6. O-O O-O 7. Bg5 Bg4 8. Nbd2 Nc6 9. c3 h6 10. Bh4 a6 11. Qc2 b5 12. a3 Na5 13. Ne5 Bxe5 14. dxe5 g5 15. exf6 gxh4 16. Bf5 Be2 17. Rfe1 Re8 18. b4 Nc6 19. Bd3 Bxd3 20. Rxe8+ Qxe8 21. Qxd3 Qe5 22. Qf3 Re8 23. Rc1 Re6 24. Qg4+ Qg5 25. Qxg5+ hxg5 26. Nf3 g4 27. Nxh4 Rxf6 28. g3 Ne5 29. Re1 Nc4 30. Re8+ Kg7 31. Rc8 Rc6 32. Nf5+ Kf6 33. Nd4 Rd6 34. Rxc7 Nxa3 35. Rc6 Rxc6 36. Nxc6 Nb1 37. Nb8 Nxc3 38. Nxa6 Na2 39. Nc7 Nxb4 40. Nxb5 Ke5 41. Nc3 d4 42. Nd1 d3 43. Ne3 Nc2 44. Nd1 Ke4 45. Kg2 Ne1+ 46. Kf1 Nf3 47. Ne3 Nd4 48. Ke1 Nc2+ 49. Kd2 Nxe3 50. fxe3 Kf3 51. Kxd3 Kg2 52. Ke4 Kxh2 53. Kf4 Kh3 54. e4 f6 55. Kf5 Kxg3 56. Kxf6 Kf4 57. e5 g3 58. e6 g2 59. e7 g1=Q 60. e8=Q Qg5+ 61. Kf7 Qh5+ 62. Ke7 Qe5+ 63. Kf7 Qc7+ 64. Qe7 Qc4+ 65. Qe6 Qc7+ 66. Qe7 Qc4+ 67. Qe6 Qc7+ 68. Qe7 Qc4+ 1/2-1/2

[Event "DVM U10 2024"]
[Site "Duesseldorf"]
[Date "2024.12.28"]
[Round "5"]
[White "Lüttgen, Jona"]
[Black "Bauta, Luan"]
[Result "1-0"]
[ECO "D38"]
[WhiteElo "1412"]
[BlackElo "1063"]
[Annotator "NA RC"]
[PlyCount "114"]
[EventDate "2024.12.23"]
[EventType "team-tourn"]
[EventRounds "7"]
[EventCountry "GER"]
[SourceTitle "playchess.com"]
[Source "ChessBase"]
[SourceQuality "1"]
[TimeControl "3300+5"]

1. d4 d5 2. c4 e6 3. Nc3 Nf6 4. Bf4 Bb4 5. Nf3 Bxc3+ 6. bxc3 O-O 7. h4 dxc4 8. e3 Qd5 9. Bxc7 Nc6 10. Qc2 Ne4 11. Ng5 Nxg5 12. hxg5 g6 13. Bf4 e5 14. dxe5 Nxe5 15. Rd1 Nd3+ 16. Bxd3 cxd3 17. Qxd3 Qxg2 18. Qf1 Qxf1+ 19. Kxf1 Bg4 20. Re1 Rad8 21. Kg2 Rd2 22. Be5 Bf5 23. Kg3 Bd3 24. Bf6 h5 25. gxh6 Kh7 26. Rd1 Rxd1 27. Rxd1 Bc4 28. Bg7 Rc8 29. a3 Bb3 30. Rd4 b6 31. Rd7 a5 32. Rb7 Be6 33. Rxb6 a4 34. Rb4 Bb3 35. Rb7 Bd5 36. Re7 Bc4 37. Kf4 Be2 38. Rxf7 Rc4+ 39. Kg3 Rg4+ 40. Kh3 g5 41. Bf8+ Kg6 42. Rg7+ Kxh6 43. f3 Rg1 44. Kh2 Rc1 45. Kg3 Ra1 46. Ra7+ Kg6 47. Rxa4 Rf1 48. f4 gxf4+ 49. Rxf4 Rxf4 50. Kxf4 Bc4 51. Ke5 Kf7 52. Bc5 Ke8 53. a4 Ba6 54. Kd6 Bd3 55. Ke5 Ba6 56. Kd6 Bd3 57. Bd4 Kf7 1-0

[Event "DVM U10 2024"]
[Site "Duesseldorf"]
[Date "2024.12.28"]
[Round "5"]
[White "Fabritius, Wolf"]
[Black "Liu, Jonas"]
[Result "0-1"]
[ECO "E87"]
[WhiteElo "1405"]
[BlackElo "1690"]
[Annotator "NA RC"]
[PlyCount "48"]
[EventDate "2024.12.23"]
[EventType "team-tourn"]
[EventRounds "7"]
[EventCountry "GER"]
[SourceTitle "playchess.com"]
[Source "ChessBase"]
[SourceQuality "1"]
[TimeControl "3300+5"]

1. d4 Nf6 2. c4 g6 3. Nc3 Bg7 4. e4 d6 5. f3 O-O 6. Bd3 e5 7. d5 Nbd7 8. Be3 b6 9. g4 a5 10. Qd2 Nc5 11. h4 h5 12. gxh5 Nxh5 13. Nge2 Qf6 14. O-O-O a4 15. f4 exf4 16. Nxf4 Nxf4 17. Bxc5 bxc5 18. Kb1 Nxd3 19. Qxd3 a3 20. Rc1 axb2 21. Kxb2 Qd4 22. Rhd1 Bg4 23. Rd2 Rfb8+ 24. Kc2 Rxa2+ 0-1

[Event "DVM U10 2024"]
[Site "Duesseldorf"]
[Date "2024.12.28"]
[Round "5"]
[White "Glaser-Gallion, Ludwig"]
[Black "Dres, Friedrich"]
[Result "1/2-1/2"]
[ECO "B01"]
[WhiteElo "1358"]
[BlackElo "1123"]
[Annotator "NA RC"]
[PlyCount "109"]
[EventDate "2024.12.23"]
[EventType "team-tourn"]
[EventRounds "7"]
[EventCountry "GER"]
[SourceTitle "playchess.com"]
[Source "ChessBase"]
[SourceQuality "1"]
[TimeControl "3300+5"]

1. e4 d5 2. exd5 Qxd5 3. Nc3 Qa5 4. Nf3 c6 5. Bc4 e6 6. d3 Nf6 7. Bd2 Qc7 8. O-O a5 9. a4 Bd6 10. h3 O-O 11. Bg5 Nbd7 12. Re1 h6 13. Bxf6 Nxf6 14. d4 Rd8 15. Qc1 Bf4 16. Qb1 b6 17. Ne2 Bd6 18. c3 Bb7 19. Rd1 c5 20. Nd2 Qc6 21. f3 Rd7 22. Bb5 Qc8 23. Bxd7 Qxd7 24. Kh1 Ba6 25. c4 Qc7 26. b3 Bh2 27. Nf1 Bd6 28. Ra2 Re8 29. Rad2 e5 30. dxe5 Bxe5 31. Qc2 Bc8 32. Ne3 Nh5 33. Nf1 Bb7 34. Rd7 Qc8 35. Qf5 Nf6 36. f4 Bb8 37. Qd3 Qxd7 38. Qxd7 Nxd7 39. Rxd7 Rxe2 40. Rxb7 Bxf4 41. g3 Re1 42. Kg2 Be5 43. Rxb6 Bd4 44. Nh2 Rg1+ 45. Kf3 Rb1 46. Ng4 h5 47. Ne3 Re1 48. Nd5 Rf1+ 49. Ke4 f5+ 50. Kd3 Rf3+ 51. Ke2 Rxg3 52. Ne7+ Kh7 53. Nxf5 Rxh3 54. Nxd4 cxd4 55. b4 1/2-1/2

[Event "DVM U10 2024"]
[Site "Duesseldorf"]
[Date "2024.12.28"]
[Round "5"]
[White "Estrin, Boris"]
[Black "White, William"]
[Result "0-1"]
[ECO "C55"]
[WhiteElo "1338"]
[BlackElo "1750"]
[Annotator "NA RC"]
[PlyCount "76"]
[EventDate "2024.12.23"]
[EventType "team-tourn"]
[EventRounds "7"]
[EventCountry "GER"]
[SourceTitle "playchess.com"]
[Source "ChessBase"]
[SourceQuality "1"]
[TimeControl "3300+5"]

1. e4 e5 2. Nf3 Nc6 3. Bc4 Nf6 4. O-O Be7 5. c3 d6 6. d4 exd4 7. cxd4 Nxe4 8. Re1 Nf6 9. Nc3 Bg4 10. Bf4 O-O 11. Be2 Re8 12. d5 Nb8 13. Rc1 a6 14. Qc2 Nbd7 15. Nd4 Bxe2 16. Rxe2 Nb6 17. Qb3 Qd7 18. Rce1 Bf8 19. h3 h6 20. Ne4 Nfxd5 21. Qg3 Kh8 22. Bd2 Nc4 23. Bc3 Nxc3 24. Nxc3 Rxe2 25. Rxe2 c5 26. Nb3 Re8 27. Nc1 Rxe2 28. N3xe2 b5 29. Qc3 Ne5 30. Nd3 Nxd3 31. Qxd3 Qe6 32. Qf3 Qxa2 33. b3 Qa1+ 34. Kh2 Qe5+ 35. Nf4 g5 36. Qa8 Qxf4+ 37. g3 Qxf2+ 38. Kh1 Kg8 0-1

[Event "DVM U10 2024"]
[Site "Duesseldorf"]
[Date "2024.12.28"]
[Round "5"]
[White "Karabetyan, Levon"]
[Black "Zentgraf, Raphael"]
[Result "1-0"]
[ECO "B23"]
[WhiteElo "1230"]
[BlackElo "1175"]
[Annotator "NA RC"]
[PlyCount "109"]
[EventDate "2024.12.23"]
[EventType "team-tourn"]
[EventRounds "7"]
[EventCountry "GER"]
[SourceTitle "playchess.com"]
[Source "ChessBase"]
[SourceQuality "1"]
[TimeControl "3300+5"]

1. e4 c5 2. Nc3 e6 3. f4 Nc6 4. Nf3 d6 5. Bc4 Qc7 6. d3 Nf6 7. O-O Be7 8. Bd2 a6 9. a4 O-O 10. Qe1 Nd7 11. Qg3 Rb8 12. Rfe1 Bf6 13. Kh1 Nd4 14. Nxd4 cxd4 15. Ne2 Qd8 16. Qg4 e5 17. f5 Nc5 18. b4 Nd7 19. Kg1 b5 20. Bb3 Bb7 21. axb5 axb5 22. Ng3 Bh4 23. Rf1 Bf6 24. Nh5 Nb6 25. Bh6 g6 26. Bxf8 Kxf8 27. Nxf6 Qxf6 28. fxg6 Qxg6 29. Qxg6 hxg6 30. Bxf7 Kg7 31. Ra7 Nc8 32. Ra5 Bc6 33. h4 Rb7 34. Bb3 Re7 35. g4 Bd7 36. g5 Bh3 37. Rf6 Bd7 38. Kf2 Kh7 39. Rf7+ Rxf7+ 40. Bxf7 Kg7 41. Bd5 Kf8 42. Bb7 Ne7 43. Ra6 Nc8 44. Ra8 Ke8 45. Bxc8 Bxc8 46. Rxc8+ Kd7 47. Rg8 Ke7 48. Rxg6 Kf7 49. Rf6+ Kg7 50. Rxd6 Kf7 51. h5 Kg7 52. h6+ Kh7 53. Rd7+ Kh8 54. g6 Kg8 55. Rd8# 1-0

[Event "DVM U10 2024"]
[Site "Duesseldorf"]
[Date "2024.12.28"]
[Round "5"]
[White "Frikel, Konstantin"]
[Black "Haberger, Nino"]
[Result "1-0"]
[ECO "C10"]
[WhiteElo "1199"]
[BlackElo "1098"]
[Annotator "NA RC"]
[PlyCount "123"]
[EventDate "2024.12.23"]
[EventType "team-tourn"]
[EventRounds "7"]
[EventCountry "GER"]
[SourceTitle "playchess.com"]
[Source "ChessBase"]
[SourceQuality "1"]
[TimeControl "3300+5"]

1. e4 e6 2. d4 d5 3. Nd2 dxe4 4. Nxe4 Bd7 5. Bd3 Nc6 6. Nf3 Be7 7. Bf4 Nf6 8. O-O O-O 9. Re1 Nxe4 10. Bxe4 Bf6 11. c3 Re8 12. Qc2 g6 13. Rad1 Rc8 14. h3 Qe7 15. Re2 Qf8 16. b4 a6 17. Rde1 Bg7 18. Qb3 Bh6 19. Bg3 Qg7 20. a4 b5 21. axb5 axb5 22. Ra1 Red8 23. Ra6 Ne7 24. Ra7 c6 25. Bc7 Rf8 26. Bd6 Rfe8 27. Rxd7 Qf8 28. Bxe7 Rxe7 29. Rxe7 Qxe7 30. Ne5 Qd6 31. Ra2 f6 32. Nf3 f5 33. Bd3 Bg7 34. Qc2 Qd5 35. Ra7 Qd6 36. Qa2 Qb8 37. Qa6 Rf8 38. Qb7 Qxb7 39. Rxb7 Rf7 40. Rxf7 Kxf7 41. Ng5+ Ke7 42. Nxh7 Bh6 43. h4 Kf7 44. Ng5+ Bxg5 45. hxg5 Ke7 46. f4 Kf7 47. Kf2 Ke7 48. Kf3 Kd7 49. g4 Kd6 50. gxf5 exf5 51. Bxf5 gxf5 52. Kg3 Ke6 53. Kh4 Kf7 54. Kh5 Kg7 55. g6 Kg8 56. Kh6 Kh8 57. g7+ Kg8 58. Kg6 c5 59. bxc5 b4 60. c6 bxc3 61. c7 c2 62. c8=Q# 1-0

[Event "DVM U10 2024"]
[Site "Duesseldorf"]
[Date "2024.12.28"]
[Round "5"]
[White "Liu, Mio Runhan"]
[Black "von Gehlen, Samuel"]
[Result "1-0"]
[ECO "B13"]
[WhiteElo "1198"]
[BlackElo "1459"]
[Annotator "NA RC"]
[PlyCount "79"]
[EventDate "2024.12.23"]
[EventType "team-tourn"]
[EventRounds "7"]
[EventCountry "GER"]
[SourceTitle "playchess.com"]
[Source "ChessBase"]
[SourceQuality "1"]
[TimeControl "3300+5"]

1. e4 c6 2. d4 d5 3. exd5 cxd5 4. Nc3 Bf5 5. Nf3 e6 6. Bb5+ Nc6 7. Ne5 Qc7 8. Bf4 Bd6 9. O-O f6 10. Nxc6 bxc6 11. Bxd6 Qxd6 12. Ba4 Ne7 13. Re1 Ng6 14. Qh5 O-O 15. Ne2 Nf4 16. Nxf4 Qxf4 17. Qd1 Rac8 18. c3 e5 19. dxe5 fxe5 20. Bb3 Be4 21. Kh1 Qxf2 22. Rxe4 Kh8 23. Re2 Qf4 24. Re1 Rc7 25. Rf1 Qxf1+ 26. Qxf1 Rxf1+ 27. Rxf1 g6 28. Re1 Rf7 29. h3 e4 30. Ba4 c5 31. Bc6 Rf5 32. c4 d4 33. Bxe4 Re5 34. Re2 Kg7 35. Bf3 Kf6 36. Kg1 Rxe2 37. Bxe2 Ke5 38. Bd3 Kf4 39. Kf2 Ke5 40. Kf3 1-0

[Event "DVM U10 2024"]
[Site "Duesseldorf"]
[Date "2024.12.28"]
[Round "5"]
[White "Klaus, Simon"]
[Black "Nikolic, Luka"]
[Result "0-1"]
[ECO "B13"]
[WhiteElo "1197"]
[BlackElo "1579"]
[Annotator "NA RC"]
[PlyCount "134"]
[EventDate "2024.12.23"]
[EventType "team-tourn"]
[EventRounds "7"]
[EventCountry "GER"]
[SourceTitle "playchess.com"]
[Source "ChessBase"]
[SourceQuality "1"]
[TimeControl "3300+5"]

1. e4 c6 2. d4 d5 3. exd5 cxd5 4. Bd3 Nf6 5. c3 Nc6 6. Bf4 Bg4 7. f3 Bh5 8. Ne2 e6 9. O-O Bd6 10. Nd2 Bxf4 11. Nxf4 Qb6 12. Qb3 Qc7 13. Rfe1 Qxf4 14. Qxb7 O-O 15. Rad1 Rfc8 16. Bb5 Qc7 17. Bxc6 Qxc6 18. Qb3 Rab8 19. Qc2 Bg6 20. Qc1 Qa4 21. Qa1 Qb5 22. b3 Qc6 23. Rc1 Nh5 24. g3 Rb7 25. Re3 Qb6 26. Kg2 Re7 27. Rce1 Qa5 28. Qb2 Rb7 29. Rc1 Qb6 30. Rce1 a5 31. a4 f5 32. Rxe6 Qc7 33. Re7 Qc6 34. R7e3 Qxa4 35. bxa4 Rxb2 36. R1e2 f4 37. Re5 Bf7 38. Rf5 g6 39. Rfe5 Ng7 40. gxf4 Rxc3 41. Kh3 Rcc2 42. Re7 Rxd2 43. Rxd2 Rxd2 44. Ra7 Rxd4 45. Rxa5 Be8 46. Kg3 Rxa4 47. Rxd5 Bc6 48. Rd8+ Ne8 49. Rc8 Bb5 50. Rb8 Rb4 51. h4 Rb3 52. Kg4 Bd7+ 53. f5 Bxf5+ 54. Kg5 Rxb8 55. f4 Kg7 56. h5 gxh5 57. Kxf5 Rb5+ 58. Ke6 h4 59. f5 h3 60. f6+ Kf8 61. f7 Rb6+ 62. Kd7 Kxf7 63. Kc8 h2 64. Kd8 h1=Q 65. Kd7 Qd1+ 66. Kc8 Rc6+ 67. Kb7 Rc2 0-1

[Event "DVM U10 2024"]
[Site "Duesseldorf"]
[Date "2024.12.28"]
[Round "5"]
[White "Torgoev, Timur"]
[Black "Breaz, Arthur"]
[Result "0-1"]
[ECO "C50"]
[WhiteElo "1153"]
[BlackElo "1123"]
[Annotator "NA RC"]
[PlyCount "162"]
[EventDate "2024.12.23"]
[EventType "team-tourn"]
[EventRounds "7"]
[EventCountry "GER"]
[SourceTitle "playchess.com"]
[Source "ChessBase"]
[SourceQuality "1"]
[TimeControl "3300+5"]

1. e4 e5 2. Nf3 Nc6 3. Bc4 Bc5 4. Nc3 Nf6 5. d3 O-O 6. Bg5 d6 7. h3 Re8 8. O-O Be6 9. Bb3 h6 10. Bh4 Nd4 11. Nxd4 Bxd4 12. Qd2 c6 13. Rab1 d5 14. exd5 cxd5 15. Nxd5 Bxd5 16. Bxf6 gxf6 17. Bxd5 Qxd5 18. c3 Bc5 19. Qxh6 Re6 20. Rfe1 Bf8 21. Qe3 Bg7 22. Qg3 f5 23. Qe3 f4 24. Qe2 Rh6 25. f3 Rd8 26. Red1 Rhd6 27. a3 Qc5+ 28. Kh1 Qe3 29. Qf1 Rxd3 30. Rxd3 Rxd3 31. Re1 Qd2 32. Re2 Qd1 33. Re1 Qc2 34. Re2 Rd1 35. Rxc2 Rxf1+ 36. Kh2 f5 37. g4 fxg3+ 38. Kxg3 Rg1+ 39. Kh2 Rg6 40. Rd2 f4 41. Rd7 Rg3 42. Rd3 e4 43. Rd8+ Kh7 44. fxe4 Re3 45. Re8 Re2+ 46. Kg1 Rxb2 47. Re7 Kg6 48. e5 f3 49. Kf1 Bf8 50. Re6+ Kf7 51. Rf6+ Ke7 52. Rxf3 Rb3 53. a4 Ra3 54. Rf4 Rxc3 55. Rb4 b6 56. a5 Ke6 57. Ra4 Kxe5 58. axb6 axb6 59. Ra6 Bc5 60. Ra1 Rxh3 61. Ke2 Re3+ 62. Kd2 Rf3 63. Re1+ Kd6 64. Rd1 Rf8 65. Kc3+ Kc6 66. Rb1 Rb8 67. Kc2 b5 68. Kb2 Kd5 69. Kc2 Kc4 70. Kb2 Bd4+ 71. Kc2 b4 72. Rb3 Bc3 73. Rb1 b3+ 74. Kc1 Rd8 75. Rb2 Bxb2+ 76. Kxb2 Rd2+ 77. Kb1 Kc3 78. Kc1 b2+ 79. Kb1 Rd1+ 80. Ka2 b1=Q+ 81. Ka3 Qb3# 0-1

[Event "DVM U10 2024"]
[Site "Duesseldorf"]
[Date "2024.12.28"]
[Round "5"]
[White "Gerhardt, Noah"]
[Black "Saloum, Michael"]
[Result "1-0"]
[ECO "D02"]
[WhiteElo "1140"]
[BlackElo "1067"]
[Annotator "NA RC"]
[PlyCount "113"]
[EventDate "2024.12.23"]
[EventType "team-tourn"]
[EventRounds "7"]
[EventCountry "GER"]
[SourceTitle "playchess.com"]
[Source "ChessBase"]
[SourceQuality "1"]
[TimeControl "3300+5"]

1. d4 d5 2. Nf3 Nc6 3. Bf4 Nf6 4. e3 g6 5. Bb5 Bg7 6. Nbd2 O-O 7. Bxc6 bxc6 8. O-O Re8 9. c4 Ba6 10. b3 h5 11. Re1 dxc4 12. Nxc4 Bxc4 13. bxc4 Nh7 14. Qa4 c5 15. dxc5 Bxa1 16. Rxa1 e6 17. Rd1 Qe7 18. Qc6 Rad8 19. Rxd8 Rxd8 20. h3 Rc8 21. Qb7 Qd8 22. Qxa7 Ra8 23. Qxc7 Qxc7 24. Bxc7 Rxa2 25. Bd6 Nf6 26. Ne5 Ne4 27. f3 Nxd6 28. cxd6 Ra8 29. d7 Rd8 30. c5 Kf8 31. c6 Rxd7 32. cxd7 Ke7 33. Nxf7 Kxd7 34. Nh8 g5 35. Nf7 g4 36. hxg4 hxg4 37. fxg4 Ke7 38. Ne5 Kf6 39. Nf3 Kg6 40. Kh2 Kf6 41. Kg3 Kg6 42. Kf4 Kf6 43. e4 e5+ 44. Nxe5 Ke6 45. g5 Ke7 46. g6 Kf8 47. g4 Kg7 48. g5 Kg8 49. Nf7 Kg7 50. Kf5 Kg8 51. Nd6 Kf8 52. e5 Kg8 53. e6 Kf8 54. e7+ Kg8 55. e8=Q+ Kg7 56. Qf7+ Kh8 57. Qh7# 1-0